Map: Kairos Junction LE

Players

Trust

  • Race: Protoss Protoss
  • Spawn Location: 11:00

Solar - Winner!

  • Race: Zerg Zerg
  • Spawn Location: 5:00

Event: IEM Season 13: Katowice (2019)

VOD

Have the link to the VOD?

Description

Time

  • Played on: Feb. 26, 2019, 11:54 a.m.
  • Length: 7:13

All games in this series

Show
View Real Time Build Order
Export as new Build Order

Trust Protoss 

Build Orders: 1 Gate Expand, Oracle Opening, Phoenix Opening, Mass Phoenix 

Get SALT Encoding   

  12  0:00  Probe  
  13  0:12  Probe  
  14  0:18  Pylon  
  14  0:24  Probe  
  15  0:33  Probe  
  15  0:37  Gateway  
  15  0:41  Probe  
  16  0:47  Assimilator  
  17  0:51  Probe  
  18  1:03  Probe  
  19  1:15  Probe  
  20  1:26  Nexus  
  20  1:34  Cybernetics Core  
  20  1:38  Probe  
  21  1:45  Assimilator  
  21  1:50  Probe  
  21  1:54  Pylon  
  22  2:01  Adept  
  22  2:02  Probe  
  23  2:14  Probe  
  26  2:17  Stargate  
  26  2:22  Adept  
  26  2:23  Warp Gate  
  26  2:27  Probe  
  29  2:38  Probe  
  29  2:39  Probe  
  31  2:50  Probe  
  32  2:52  Adept, Probe  
  32  2:55  Phoenix  
  35  3:02  Probe  
  35  3:04  Probe  
  39  3:14  Probe, Oracle  
  39  3:16  Probe  
  41  3:26  Probe  
  44  3:28  Probe  
  45  3:39  Probe  
  46  3:42  Pylon  
  46  3:43  Assimilator x2  
  46  3:55  Stargate  
  46  4:00  Probe x2, Phoenix  
  46  4:08  Pylon  
  46  4:12  Probe  
  46  4:13  Zealot, Probe  
  50  4:24  Phoenix  
  50  4:25  Probe x2  
  50  4:28  Gateway  
  50  4:31  Phoenix  
  54  4:35  Pylon  
  54  4:37  Probe x2  
  56  4:41  Phoenix  
  58  4:52  Pylon  
  60  4:54  Probe x2, Phoenix  
  64  5:04  Adept  
  66  5:07  Phoenix  
  68  5:16  Pylon  
  68  5:19  Phoenix  
  70  5:25  Phoenix  
  70  5:29  Nexus  
  70  5:33  Pylon  
  72  5:35  Shield Battery  
  72  5:39  Zealot  
  72  5:40  Probe  
  72  5:41  Sentry  
  77  5:50  Pylon  
  77  5:51  Gateway  
  77  5:54  Probe x2  
  77  6:00  Zealot  
  77  6:02  Phoenix  
  77  6:03  Phoenix  
  83  6:07  Sentry  
  85  6:11  Robotics Facility  
  85  6:20  Robotics Facility  
  85  6:27  Sentry  
  89  6:37  Pylon  
  87  6:44  Pylon  
  87  6:47  Pylon  
  87  6:51  Stalker x3  
Show
View Real Time Build Order
Export as new Build Order

Solar Zerg - Winner!

Build Orders: Hatch First 

Get SALT Encoding   

  12  0:01  Drone  
  13  0:12  Overlord  
  13  0:16  Drone  
  14  0:31  Drone  
  16  0:42  Drone  
  16  0:48  Hatchery  
  15  0:51  Drone  
  15  0:56  Drone  
  17  0:59  Drone  
  18  1:11  Extractor  
  17  1:17  Drone, Spawning Pool  
  17  1:20  Drone  
  18  1:28  Drone  
  20  1:40  Drone  
  20  1:51  Hatchery  
  20  1:54  Drone  
  20  2:03  Queen  
  20  2:06  Zergling x2  
  23  2:08  Drone  
  24  2:16  Metabolic Boost  
  24  2:19  Drone  
  25  2:23  Overlord  
  25  2:31  Queen  
  25  2:35  Zergling x2  
  28  2:42  Zergling x2  
  28  2:43  Drone x2  
  31  2:49  Queen  
  33  2:54  Zergling x2  
  33  2:55  Zergling x2  
  33  2:57  Zergling x2  
  36  3:04  Queen  
  38  3:07  Overlord  
  38  3:11  Drone  
  38  3:12  Drone  
  40  3:15  Drone  
  40  3:19  Drone  
  41  3:20  Drone  
  41  3:26  Drone, Spore Crawler  
  42  3:27  Drone  
  42  3:30  Drone  
  43  3:37  Queen  
  43  3:40  Overlord  
  45  3:46  Drone  
  45  3:47  Spore Crawler  
  45  3:48  Drone  
  46  3:52  Overlord  
  46  4:00  Drone x5  
  50  4:06  Overlord  
  49  4:11  Drone x3  
  49  4:12  Drone x2  
  49  4:14  Drone  
  49  4:15  Drone  
  56  4:20  Drone x3  
  57  4:25  Overlord  
  57  4:26  Drone  
  58  4:31  Lair  
  58  4:32  Drone  
  58  4:33  Drone  
  58  4:37  Drone x3  
  63  4:39  Drone  
  63  4:42  Spore Crawler  
  62  4:47  Queen  
  62  4:49  Queen  
  66  4:53  Extractor  
  66  4:54  Drone  
  66  4:56  Extractor  
  66  4:58  Drone, Roach Warren  
  63  5:00  Zergling x2  
  63  5:01  Zergling x2  
  63  5:02  Zergling x4  
  67  5:07  Zergling x4  
  67  5:08  Drone  
  67  5:09  Spore Crawler  
  67  5:11  Overlord  
  69  5:14  Overlord  
  69  5:17  Zergling x4, Drone  
  69  5:19  Drone  
  69  5:20  Drone  
  73  5:21  Overlord  
  73  5:22  Overlord  
  73  5:23  Drone  
  73  5:26  Overlord  
  72  5:29  Overseer  
  72  5:37  Queen  
  72  5:38  Queen  
  72  5:40  Overlord  
  76  5:47  Queen  
  77  5:55  Roach x4, Nydus Network  
  83  5:59  Roach x2  
  87  6:04  Roach x2  
  87  6:07  Roach  
  87  6:08  Roach  
  94  6:14  Roach x2  
  94  6:17  Roach x2  
  101  6:18  Overlord  
  101  6:23  Queen  
  102  6:25  Queen  
  102  6:28  Overlord  
  102  6:31  Nydus Canal  
  104  6:36  Roach x3  
  110  6:41  Roach  
  110  6:42  Zergling x2  
  110  6:44  Roach  
  115  6:51  Roach x2  
  115  6:53  Roach  
  123  6:57  Spore Crawler  

Tags
 
Add a new tag
Caveats
  • Supply blocks, unpowered buildings, or Contaminate may cause inaccurate times.
  • Supply counts are checked every 10 seconds.